 Dungeon Crawl Stone Soup version 0.18.1-48-g4cf74bf (webtiles) character file.

158 RickumRackum the Sneak (level 5, -5/32 HPs)
             Began as a Kobold Assassin on Aug 22, 2016.
             Killed by nerve-wracking pain
             ... invoked by an orc priest
              (14 damage)
             ... on level 3 of the Dungeon.
             The game lasted 00:19:25 (1887 turns).

RickumRackum the Sneak (Kobold Assassin)            Turns: 1887, Time: 00:19:26

Health: -5/32      AC:  3    Str: 10    XL:     5   Next: 66%
Magic:  5/5        EV: 16    Int:  9    God:
Gold:   55         SH:  0    Dex: 18    Spells: 0 memorised, 4 levels left

rFire  . . .     SeeInvis .     h - +4 dagger
rCold  . . .     Gourm    .     k - +0 robe
rNeg   . . .     Faith    .     (shield restricted)
rPois  .         Spirit   .     (no helmet)
rElec  .         Dismiss  .     d - +0 cloak
rCorr  .         Reflect  .     (no gloves)
SustAt .         Harm     .     (no boots)
MR     .....                    (no amulet)
Stlth  ++++......               (no ring)
                                (no ring)

@: not resistant to hostile enchantments, stealthy
A: carnivore 3
a: no special abilities


You were on level 3 of the Dungeon.
You were completely stuffed.

You visited 1 branch of the dungeon, and saw 3 of its levels.

You collected 55 gold pieces.

Inventory:

Hand Weapons
 b - a +0 blowgun
 h - a +4 dagger (weapon)
Missiles
 e - 18 poisoned needles
 f - 2 curare-tipped needles
 i - 35 arrows
 m - 19 stones (quivered)
Armour
 d - a +0 cloak (worn)
 k - a +0 robe (worn)
Jewellery
 l - an uncursed amulet of regeneration {unknown}
Scrolls
 j - a scroll of magic mapping {unknown}
 n - 2 scrolls of identify {unknown}
 o - a scroll of fear {unknown}
Potions
 a - 2 potions of might {unknown}
 p - a potion of lignification {unknown}
Comestibles
 c - a chunk of flesh
 g - 3 meat rations
 q - a slice of pizza


   Skills:
 + Level 3.0 Fighting
 + Level 3.1 Short Blades
 - Level 2.2 Throwing
 + Level 2.9 Dodging
 + Level 7.6 Stealth


You had 4 spell levels left.
You didn't know any spells.

Dungeon Overview and Level Annotations

Branches:
Dungeon (3/15)

Altars:


Innate Abilities, Weirdness & Mutations

You are small and have problems with some larger weapons.
You are carnivorous and can eat meat at any time.


Message History

The orc priest mumbles some strange prayers to Beogh against you.
Beogh smites you!
A magic dart appears from out of thin air!
The magic dart hits you!
* * * LOW HITPOINT WARNING * * *
You hear a shout!
Found a glowing long sword.
An orc wizard comes into view.
It is wielding a dagger. 2 orcs come into view.
The orc throws a tomahawk.
The tomahawk barely misses you.
Found a golden potion.
The orc throws a tomahawk.
The tomahawk closely misses you.
You see here 2 tomahawks.
An orc wizard comes into view. It is wielding a dagger.
An orc comes into view. It is wielding a whip.
Found a robe.
A worm and an orc come into view.
The orc priest calls down the wrath of Beogh upon you.
Pain shoots through your body!
You die...

#†#.# #.# . o.#.# #.#
### .....#.# #..
..o..#.######### #.#
...........).....
#.o...#.#o########
#.#
......#.#.#......#
#..
##.####o#.#....w.####
##..
..........o..@[......
.... #
..###.#.#......###.
.... #.#.######## .#
#!#.# #.# #o# o.. o.
.####


You could see a worm (sleeping), an orc priest and an orc.

Vanquished Creatures
  The ghost of Anatei the Magician, an amateur DEFE (D:3)
  Ijyb (D:2)
  An adder (D:2)
  An ooze (D:1)
  2 dart slugs
  2 giant geckos
  7 bats
  2 giant cockroaches (D:2)
  4 goblins
  4 hobgoblins
  6 jackals (D:2)
  7 kobolds
  A quokka (D:2)
  3 giant newts (D:1)
  3 rats
45 creatures vanquished.

Notes
Turn   | Place    | Note
--------------------------------------------------------------
     0 | D:1      | RickumRackum the Kobold Assassin began the quest for the Orb.
     0 | D:1      | Reached XP level 1. HP: 12/12 MP: 1/1
   249 | D:1      | Reached XP level 2. HP: 15/18 MP: 2/2
   624 | D:1      | Reached skill level 6 in Stealth
   650 | D:1      | Reached XP level 3. HP: 22/22 MP: 3/3
   770 | D:2      | Noticed Ijyb
   790 | D:2      | Killed Ijyb
   790 | D:2      | Reached XP level 4. HP: 21/27 MP: 4/4
  1353 | D:2      | Reached skill level 7 in Stealth
  1634 | D:3      | Noticed Anatei's ghost (amateur DEFE)
  1646 | D:3      | Killed Anatei's ghost
  1646 | D:3      | Reached XP level 5. HP: 25/32 MP: 5/5
  1887 | D:3      | Killed from afar by an orc priest

Skill      XL: |  1  2  3  4 |
---------------+-------------+-----
Stealth        | 6 7 |  7.6
Short Blades   | 3 |  3.1
Dodging        | 2 |  2.9
Fighting       | 3 |  3.0
Throwing       | |  2.2

Action                   |  1- 3 |  4- 6 || total
-------------------------+-------+-------++-------
Melee: Dagger            |    62 |    70 ||   132
 Fire: Blowgun           |     1 |     8 ||     9
  Use: Scroll            |     1 |       ||     1
       Potion            |     1 |       ||     1
 Stab: Sleeping          |     5 |     5 ||    10
  Eat: Chunk             |     8 |     4 ||    12
Armor: Robe              |     7 |    18 ||    25
Dodge: Dodged            |    34 |    59 ||    93
